 Dungeon Crawl Stone Soup version 0.31-a0-1008-g5b978dac0e (webtiles) character file.

Game seed: 6751871220912122607

90323 Armakuni the Stormcaller (level 16, 0/109 HPs)
             Began as a Human Shapeshifter on Nov 11, 2023.
             Was a Believer of Elyvilon.
             Slain by a sun demon (9 damage)
             ... summoned by an obsidian statue
             ... on level 5 of the Lair of Beasts on Nov 12, 2023.
             The game lasted 01:14:04 (23814 turns).

Armakuni the Stormcaller (Human Shapeshifter)      Turns: 23814, Time: 01:14:05

Health: 0/109      AC: 12    Str: 17    XL:     16   Next: 46%
Magic:  14/24      EV: 12    Int: 16    God:    Elyvilon [**....]
Gold:   1029       SH:  0    Dex: 13    Spells: 11/26 levels left

rFire   + . .        a - staff of air
rCold   + . .        e - orb {*channel}
rNeg    + . .        i - +3 ring mail of Sin {Rampage rElec rCorr}
rPois   +            G - +0 helmet
rElec   +            l - scarf {rC+ rF+}
rCorr   +            d - +0 pair of gloves
SInv    +            B - +0 pair of boots
Will    ++...        U - amulet of faith
Stlth   +            P - ring of Iblam {rPois rN+ rCorr SInv}
HPRegen 0.38/turn    W - ring of willpower
MPRegen 0.19/turn

%: rampage, faith, channel magic (20%)
@: about to teleport, spiked, very slightly contaminated, studying Throwing
A: no striking features
a: Renounce Religion, Purification, Heal Other


You were on level 5 of the Lair of Beasts.
You worshipped Elyvilon.
Elyvilon was pleased with you.
You visited 3 branches of the dungeon, and saw 18 of its levels.
You also visited: Ossuary and Bailey.

You collected 1099 gold pieces.
You spent 70 gold pieces at shops.

Inventory:

Hand Weapons
 z - a +1 broad axe
Missiles
 K - a curare-tipped dart
Armour
 d - a +0 pair of gloves (worn)
 e - an orb of energy (worn)
 i - the +3 ring mail of Sin (worn) {Rampage rElec rCorr}
   (You found it on level 5 of the Dungeon)

   rElec:     It insulates you from electricity.
   rCorr:     It protects you from acid and corrosion.
   Rampage:   It bestows one free step when moving towards enemies.
 l - a scarf of resistance (worn)
 m - a +1 ring mail of poison resistance
 B - a +0 pair of boots (worn)
 G - a +0 helmet (worn)
Magical Staves
 a - a staff of air (weapon)
 M - a staff of fire
Jewellery
 b - a ring of ice
 A - the amulet of Hogg {Faith -Tele Rampage Regen+ Stlth+}
   (You found it on level 10 of the Dungeon)

   [amulet of faith]

   Faith:     It allows you to gain divine favour quickly.
   -Tele:     It prevents most forms of teleportation.
   Regen+:    It increases your rate of health regeneration.
   Rampage:   It bestows one free step when moving towards enemies.
   Stlth+:    It makes you more stealthy.
 E - a +5 ring of evasion
 F - a ring of fire
 L - the ring "Perec" {Fly EV+5}
   (You took it off a centaur warrior on level 10 of the Dungeon)

   [ring of evasion]

   EV+5:      It affects your evasion (+5).
   Fly:       It grants you flight.
 O - an amulet of regeneration
 P - the ring of Iblam (left hand) {rPois rN+ rCorr SInv}
   (You found it on level 9 of the Dungeon)

   [ring of resist corrosion]

   rPois:     It protects you from poison rN+: It protects you from negative
   energy.
   SInv:      It lets you see invisible.
   rCorr:     It protects you from acid and corrosion.
 U - an amulet of faith (around neck)
 W - a ring of willpower (right hand)
Wands
 h - a wand of charming (1)
 N - a wand of flame (8)
Scrolls
 g - 3 scrolls of noise
 k - a scroll of blinking
 o - 2 scrolls of poison
 q - 2 scrolls of immolation
 s - 2 scrolls of teleportation
 w - 6 scrolls of revelation
 y - 2 scrolls of silence
 C - a scroll of fear
 D - 5 scrolls of butterflies
 I - 3 scrolls of enchant armour
 Q - a scroll of enchant weapon
Potions
 j - 5 potions of heal wounds
 n - a potion of haste
 p - 10 potions of brilliance
 r - 4 potions of curing
 t - a potion of lignification
 u - 2 potions of magic
 v - 5 potions of resistance
 x - 4 potions of mutation
 H - 2 potions of might
 J - a potion of berserk rage
 R - a potion of enlightenment {unknown}
Miscellaneous
 c - a condenser vane
 f - a phial of floods (inert)


   Skills:
 - Level 5.0 Fighting
 - Level 12.0 Staves
 - Level 5.0 Armour
 - Level 5.0 Dodging
 - Level 4.0 Shields
 - Level 3.0 Unarmed Combat
 + Level 5.9 Spellcasting
 - Level 5.0 Summonings
 - Level 15.0 Air Magic
 - Level 11.0 Invocations
 - Level 14.1 Evocations
 - Level 3.0 Shapeshifting


You had 11 spell levels left.
You knew the following spells:

 Your Spells              Type           Power      Damage    Failure   Level
a - Apportation           Tloc           8%         N/A       45%         1
b - Blink                 Tloc           8%         N/A       58%         2
c - Lesser Beckoning      Tloc           8%         N/A       58%         2
d - Static Discharge      Conj/Air       86%        3-7/arc   7%          2
l - Summon Lightning Spi  Summ/Air       53%        N/A       13%         4
z - Airstrike             Air            34%        2d(5-21)  3%          4

Your spell library contained the following spells:

 Spells                   Type           Power      Damage    Failure   Level
 Summon Small Mammal      Summ           80%        N/A       11%         1
 Necrotise                Necr           16%        1d4       45%         1
 Jinxbite                 Hex            8%         N/A       58%         2
 Momentum Strike          Conj/Tloc      8%         3d8       58%         2
 Gell's Gravitas          Tloc           4%         N/A       78%         3
 Ozocubu's Armour         Ice            4%         N/A       78%         3
 Teleport Other           Tloc           4%         N/A       78%         3
 Cause Fear               Hex            2%         N/A       98%         4
 Alistair's Intoxication  Tmut/Pois      2%         N/A       100%        5
 Borgnjor's Vile Clutch   Necr/Erth      2%         N/A       100%        5
 Fireball                 Conj/Fire      2%         3d4       100%        5
 Dispersal                Tloc           2%         N/A       100%        6
 Eringya's Noxious Bog    Tmut/Pois      2%         4d6       100%        6
 Ozocubu's Refrigeration  Ice            2%         4d7       100%        7
 Dragon's Call            Summ           10%        N/A       100%        9


Dungeon Overview and Level Annotations

Branches:
Dungeon (12/15)            Temple (1/1) D:4            Lair (5/5) D:10
  Swamp (0/4) Lair:3        Snake (0/4) Lair:2        Slime (0/5) Lair:5
    Orc (0/2) D:10        Ossuary (visited)          Bailey (visited)

Altars:
Ashenzari
Cheibriados
Dithmenos
Elyvilon
Fedhas
Gozag
Hepliaklqana
Kikubaaqudgha
Makhleb
Nemelex Xobeh
Okawaru
Qazlal
Ru
Sif Muna
Trog
Uskayaw
Vehumet
Wu Jian
Xom
Yredelemnul
Zin
The Shining One
Jiyva

Shops:
D:3 !   D:9 (   D:11 :

Annotations:
D:4 2 transporters
D:12 Azrael, Jorgrun
Lair:5 exclusion: obsidian statue


Message History

You feel a surge of power!
The air twists around and strikes the orange demon.
Flame seeps out of the orange demon.
The orange demon is almost dead.
The ufetubus hits you but does no damage. x2
The red devil hits you from afar with a +0 trident!
Barbed spikes become lodged in your body.
The orange demon is engulfed in blazing flames.
The orange demon disappears in a puff of smoke!
The orange demon explodes!
The fiery explosion engulfs the sun demon.
The sun demon completely resists.
The fiery explosion engulfs the obsidian statue.
The obsidian statue resists.
The obsidian statue is lightly damaged.
The fiery explosion engulfs the red devil.
The red devil completely resists.
The fiery explosion engulfs the shadow imp!!!
You kill the shadow imp!
The shadow imp disappears in a puff of smoke!
The tree burns like a torch!
The sun demon hits you.
You are engulfed in flames!
You resist. The ufetubus closely misses you. x2
Okay, then.
As you read the scroll of teleportation, it crumbles to dust.
You feel strangely unstable. The red devil barely misses you.
The ufetubus hits you but does no damage.
The ufetubus barely misses you. The sun demon hits you.
You are engulfed in flames.
You resist.
* * * LOW HITPOINT WARNING * * *
Okay, then.
Unknown command.
Okay, then.
Unknown command.
You miss the ufetubus. The ufetubus barely misses you.
The ufetubus hits you but does no damage.
The obsidian statue is engulfed in blazing flames.
The sun demon hits you!!
* * * LOW HITPOINT WARNING * * *
You are engulfed in flames!
You resist.
You die...

##...####.#
♣P..##.#
#....'....# #♣.#.#
#
##...'..######P.##
#....#8..'...#♣.#
##...#####P..##.#
#...# #...##.##
#..## #...##..#
♣P..♣ #...##.##
♣♣@5♣♣ #8.8#♣..#
♣♣34§########.P#
#.§§8+)## #♣.##
###§§#### ##..#
####### #..## ####


You could see an obsidian statue, a sun demon (summoned, inner flame), a red
devil (summoned) and an ufetubus (summoned, inner flame).

Vanquished Creatures
  Gastronok (Lair:3)
  Snorg (Lair:3)
  2 vault guards (Bailey)
  Erolcha (D:11)
  2 ghost crabs (Lair:3)
  A boulder beetle (Lair:2)
  A centaur warrior (D:10)
  3 two-headed ogres
  A death yak (Lair:2)
  A tengu warrior (D:10)
  A skyshark (Lair:3)
  2 spectral hydras (Lair:3)
  A spectral anaconda (Lair:5)
  An arcanist (D:9)
  Pikel (D:4)
  A lindwurm (Lair:5)
  A necromancer (Lair:5)
  A deep elf pyromancer (D:10)
  2 ugly things
  A manticore (D:11)
  2 cyclopes
  7 elephants
  3 dire elephant zombies (Lair:5)
  A torpor snail (Lair:2)
  4 black mambas
  An unseen horror (D:11)
  Maggie (D:6)
  5 large abominations (D:9)
  7 cane toads
  A dire elephant skeleton (Lair:5)
  8 rime drakes
  Jeremiah (D:7)
  10 komodo dragons
  A spectral skyshark (Lair:3)
  A freezing wraith (D:10)
  An efreet (D:10)
  7 trolls
  Grinder (D:6)
  2 polar bears
  12 blink frogs
  4 spectral elephants
  10 dream sheep
  2 spectral black mambas (Lair:3)
  2 shadows
  7 wyverns
  7 small abominations (D:9)
  56 yaks
  A wraith (D:12)
  2 vampires (D:10)
  A human (Bailey)
  Eustachio (D:6)
  5 basilisks
  Grum (D:9)
  2 fire elementals (D:11)
  4 vampire mosquitoes (D:10)
  2 death yak simulacra (Lair:5)
  A spectral cane toad (Lair:5)
  22 water moccasins
  An acid dragon (D:10)
  3 hell hounds
  A hornet zombie (Ossuary)
  8 orc warriors
  A sky beast (D:7)
  A black bear (D:10)
  An ice beast (D:8)
  2 ogres
  13 wolves
  A centaur (D:7)
  A phantom (D:5)
  A lemure (D:4)
  5 kobold brigands
  Blork the orc (D:4)
  18 bullfrogs
  3 gnoll sergeants
  5 scorpions
  3 wyvern zombies (Ossuary)
  2 cane toad simulacra (Lair:5)
  9 wights
  2 water moccasin zombies (Ossuary)
  7 killer bees
  An elephant simulacrum (Lair:5)
  4 howler monkeys
  7 centaur zombies (Ossuary)
  5 orc priests
  4 bullfrog zombies (Ossuary)
  Crazy Yiuf (D:3)
  2 hounds
  A jelly (D:7)
  A sleepcap (D:6)
  3 iguanas
  8 orc wizards
  Ijyb (D:4)
  A killer bee zombie (Ossuary)
  10 mummies (Ossuary)
  10 gnolls
  7 adders
  A shadow imp (D:6)
  A white imp (D:8)
  2 worms
  A dart slug (D:2)
  39 orcs
  6 ball pythons
  12 endoplasms
  A giant cockroach (D:2)
  11 goblins
  15 hobgoblins
  11 jackals
  5 quokkas
  3 bats
  3 frilled lizards
  25 kobolds
  5 rats
528 creatures vanquished.

Vanquished Creatures (collateral kills)
  A dire elephant (Lair:5)
  3 elephants (Lair:5)
  A komodo dragon (Lair:5)
  3 blink frogs (Lair:5)
  A dream sheep (Lair:5)
  3 yaks (Lair:5)
  A water moccasin (Lair:5)
  An elephant zombie (Lair:5)
  A cane toad simulacrum (Lair:5)
  3 elephant simulacra (Lair:5)
  An orc wizard (D:8)
  An orc (D:8)
20 creatures vanquished.

Vanquished Creatures (others)
  2 two-headed ogres (D:10)
  2 necromancers (Lair:5)
  A cane toad (Lair:4)
  A gargoyle (D:10)
  A meliai (shapeshifter) (D:10)
  Prince Ribbit (Bailey)
  3 yaks (Lair:4)
  A basilisk (D:10)
  An acid dragon (D:10)
  A centaur (D:10)
  An elephant skeleton (Lair:5)
  A bullfrog (Bailey)
  A gnoll bouda (D:10)
  An orc wizard (D:10)
18 creatures vanquished.

Grand Total: 566 creatures vanquished

Notes
Turn   | Place    | Note
-------+----------+-------------------------------------------
     0 | D:1      | Armakuni the Human Shapeshifter began the quest for the
                  | Orb.
     0 | D:1      | Reached XP level 1. HP: 15/15 MP: 1/1
   143 | D:1      | Reached XP level 2. HP: 13/22 MP: 2/2
   454 | D:1      | Reached XP level 3. HP: 28/28 MP: 3/3
   629 | D:1      | Reached skill level 1 in Staves
   700 | D:1      | Noticed an eye of devastation
   702 | D:1      | Found a faded altar of an unknown god.
   703 | D:1      | Noticed an eye of devastation
   703 | D:1      | Noticed a golden eye
   703 | D:1      | Noticed a great orb of eyes
  1054 | D:2      | Reached XP level 4. HP: 34/34 MP: 4/4
  2014 | D:3      | Found Tydd's Distillery.
  2022 | D:3      | Reached XP level 5. HP: 39/39 MP: 5/5
  2030 | D:3      | Bought a potion of curing for 30 gold pieces
  2030 | D:3      | Bought a potion of degeneration for 10 gold pieces
  2030 | D:3      | Bought a potion of attraction for 30 gold pieces
  2065 | D:3      | Found an ornate altar of the Wu Jian Council.
  2114 | D:3      | Identified the +5 falchion "Georipn" {protect, rC++ rN+}
  2247 | D:3      | Learned a level 1 spell: Apportation
  2387 | D:3      | Found a runed translucent door.
  2388 | D:3      | Noticed Crazy Yiuf
  2501 | D:3      | Killed Crazy Yiuf
  2664 | D:4      | Reached XP level 6. HP: 6/46 MP: 6/6
  2668 | D:4      | HP: 2/46 [poisoned by a scorpion]
  2862 | D:4      | Found a transporter.
  2904 | D:4      | Noticed Ijyb
  2915 | D:4      | Killed Ijyb
  2916 | D:4      | Reached skill level 5 in Staves
  3113 | D:4      | Found a transporter.
  3205 | D:4      | Found a staircase to the Ecumenical Temple.
  3206 | D:4      | Noticed Pikel
  3235 | D:4      | Killed Pikel
  3236 | D:4      | Reached XP level 7. HP: 10/51 MP: 7/7
  3236 | D:4      | Reached XP level 8. HP: 11/57 MP: 8/8
  3500 | Temple   | Entered the Ecumenical Temple
  3557 | Temple   | Became a worshipper of Elyvilon the Healer
  3594 | D:4      | Noticed Blork the orc
  3600 | D:4      | Killed Blork the orc
  3822 | D:5      | Entered Level 5 of the Dungeon
  3823 | D:5      | Identified a scroll of acquirement
  3823 | D:5      | Acquired a manual of Air Magic
  3926 | D:5      | Identified the +3 ring mail of Sin {Rampage rElec rCorr}
  4029 | D:5      | Reached skill level 1 in Air Magic
  4078 | D:5      | Reached skill level 3 in Air Magic
  4180 | D:5      | Reached skill level 4 in Air Magic
  4206 | D:5      | Reached * piety under Elyvilon
  4501 | D:5      | Reached skill level 5 in Air Magic
  4594 | D:5      | Reached skill level 6 in Air Magic
  4594 | D:5      | Reached XP level 9. HP: 53/62 MP: 9/9
  4727 | D:5      | Identified the +0 ring mail of Valiance {rElec rPois rF+
                  | Dex-4}
  4842 | D:5      | Reached ** piety under Elyvilon
  5090 | D:6      | Reached skill level 7 in Air Magic
  5143 | D:6      | Found a sand-covered staircase.
  5143 | D:6      | Noticed Grinder
  5148 | D:6      | Noticed Maggie
  5148 | D:6      | Paralysed by Grinder for 4 turns
  5156 | D:6      | Killed Grinder
  5157 | D:6      | Reached skill level 9 in Air Magic
  5167 | D:6      | Killed Maggie
  5168 | D:6      | Reached skill level 10 in Air Magic
  5189 | Ossuary  | Entered an ossuary
  5299 | Ossuary  | Reached skill level 11 in Air Magic
  5514 | Ossuary  | Reached skill level 12 in Air Magic
  5793 | Ossuary  | Reached skill level 1 in Evocations
  5793 | Ossuary  | Reached XP level 10. HP: 66/68 MP: 10/10
  6310 | D:6      | Noticed Eustachio
  6330 | D:6      | Killed Eustachio
  6488 | D:6      | Reached *** piety under Elyvilon
  6800 | D:7      | Reached skill level 5 in Evocations
  7135 | D:7      | Reached **** piety under Elyvilon
  7158 | D:7      | Noticed Jeremiah
  7190 | D:7      | Killed Jeremiah
  7407 | D:7      | Found a flagged portal.
  7421 | Bailey   | Entered a bailey
  7626 | Bailey   | Noticed Prince Ribbit
  7626 | Bailey   | Noticed a vault guard
  7633 | Bailey   | Your ally Prince Ribbit died
  7643 | Bailey   | Killed a vault guard
  7723 | Bailey   | Noticed a vault guard
  7740 | Bailey   | Killed a vault guard
  7741 | Bailey   | Reached XP level 11. HP: 47/73 MP: 11/11
  8167 | D:8      | Reached skill level 1 in Invocations
  8169 | D:8      | Reached skill level 10 in Evocations
  8238 | D:8      | Noticed a brown ugly thing
  8265 | D:8      | Killed a brown ugly thing
  8798 | D:8      | Reached skill level 5 in Invocations
  8855 | D:8      | Found an ancient bone altar of Kikubaaqudgha.
  8970 | D:9      | Noticed Grum
  8973 | D:9      | Noticed a two-headed ogre
  9301 | D:9      | Found a hide-covered altar of Uskayaw.
  9434 | D:9      | Noticed an arcanist
  9440 | D:9      | Killed an arcanist
  9573 | D:9      | Identified the ring of Iblam {rPois rN+ rCorr SInv}
  9591 | D:9      | Learned a level 2 spell: Blink
  9594 | D:9      | Learned a level 2 spell: Lesser Beckoning
  9715 | D:9      | Killed Grum
  9924 | D:9      | Reached ***** piety under Elyvilon
  9942 | D:9      | Found Golodem's Antique Weapon Shop.
 10161 | D:9      | Reached XP level 12. HP: 78/79 MP: 18/18
 10423 | D:9      | Found a glowing silver altar of Zin.
 10681 | D:10     | Entered Level 10 of the Dungeon
 10865 | D:10     | Noticed a two-headed ogre
 10877 | D:10     | Killed a two-headed ogre
 10983 | D:10     | Reached skill level 10 in Invocations
 11076 | D:10     | Noticed a two-headed ogre
 11076 | D:10     | Noticed a two-headed ogre
 11087 | D:10     | Pacified a two-headed ogre
 11130 | D:10     | Pacified a two-headed ogre
 11136 | D:10     | Killed a two-headed ogre
 11321 | D:10     | Noticed a two-headed ogre
 11332 | D:10     | Killed a two-headed ogre
 11333 | D:10     | Reached skill level 10 in Staves
 11337 | D:10     | Reached skill level 5 in Fighting
 11488 | D:10     | Identified the ring "Perec" {Fly EV+5}
 11488 | D:10     | Noticed a centaur warrior
 11493 | D:10     | Killed a centaur warrior
 11499 | D:10     | Identified the ring of Undoing {rN+ Str+4}
 11499 | D:10     | Noticed a tengu warrior
 11512 | D:10     | Killed a tengu warrior
 11754 | D:10     | Identified the amulet of Hogg {Faith -Tele Rampage Regen+
                  | Stlth+}
 11767 | D:10     | Identified the ring "Urazurr" {rPois Str+4}
 11996 | D:10     | Reached skill level 1 in Shields
 12275 | D:10     | Found a staircase to the Lair.
 12449 | D:10     | Reached XP level 13. HP: 67/91 MP: 20/20
 12555 | D:10     | Found a staircase to the Orcish Mines.
 13128 | D:11     | Found a shimmering blue altar of Sif Muna.
 13259 | D:11     | Found Boanlod's Tremendous Tomes.
 13549 | D:11     | Reached skill level 1 in Armour
 13644 | D:11     | Noticed Erolcha
 13654 | D:11     | Killed Erolcha
 13669 | D:11     | Learned a level 4 spell: Airstrike
 13881 | D:12     | Noticed Azrael
 14045 | D:12     | Noticed Jorgrun
 14790 | D:14     | Identified the "Baime"
 14790 | Lair:1   | Entered Level 1 of the Lair of Beasts
 14896 | D:10     | Reached skill level 5 in Dodging
 15131 | Lair:1   | Reached skill level 5 in Armour
 15253 | Lair:1   | Reached skill level 1 in Spellcasting
 15497 | Lair:1   | Upgraded the game from 0.31-a0-1005-gfbdfbacc72 to
                  | 0.31-a0-1008-g5b978dac0e
 15541 | Lair:1   | Learned a level 4 spell: Summon Lightning Spire
 16812 | Lair:2   | Found a staircase to the Snake Pit.
 16833 | Lair:2   | Learned a level 2 spell: Static Discharge
 16858 | Lair:2   | Reached XP level 14. HP: 94/98 MP: 16/22
 16981 | Lair:2   | Reached skill level 5 in Spellcasting
 18546 | Lair:3   | Noticed Gastronok
 18558 | Lair:3   | Killed Gastronok
 19172 | Lair:3   | HP: 3/76 [spectral eight-headed hydra (8)]
 19541 | Lair:3   | Reached XP level 15. HP: 103/103 MP: 23/23
 19548 | Lair:3   | Reached skill level 1 in Summonings
 19880 | Lair:3   | Found a staircase to the Swamp.
 20340 | Lair:3   | Noticed Snorg
 20345 | Lair:3   | Killed Snorg
 20351 | Lair:3   | Identified the +4 sling of Valiance {antimagic, rCorr Int+2
                  | Dex-4}
 20935 | Lair:4   | Reached skill level 5 in Summonings
 21654 | Lair:5   | Entered Level 5 of the Lair of Beasts
 21713 | Lair:5   | Found a viscous altar of Jiyva.
 21713 | Lair:5   | Found a staircase to the Slime Pits.
 21861 | Lair:5   | Reached skill level 13 in Air Magic
 22297 | Lair:5   | Reached XP level 16. HP: 109/109 MP: 18/24
 22519 | Lair:5   | Reached skill level 14 in Air Magic
 23610 | Lair:5   | Reached skill level 15 in Air Magic
 23814 | Lair:5   | Slain by a sun demon

Illustrated notes

Levels and vault maps discovered:
D:1:      lightli_arrival_statue_moat, layout_basic,
          hellmonk_ecumenical_altar_watching_god
D:2:      layout_loops_corners
D:3:      layout_rooms, nzn_wu_jian_council_hall, serial_shops,
          nicolae_shop_waterfront, minivault_25, minmay_curled_crystal,
          kennysheep_pointless_box, minivault_14, uniq_crazy_yiuf_cottage
D:4:      gammafunk_steamed_eel, layout_basic, minmay_temple_entry_mini_moons,
          uniq_blork_the_orc, uniq_ijyb, uniq_pikel
D:5:      cheibrodos_thug_alley, layout_basic, serial_co_window_serial,
          co_window_corner_a, co_window_paths_a, co_window_corner_a,
          co_window_paths_a, co_window_paths_a, co_window_2corner,
          co_window_of_opportunity_b, co_window_unsneaky_path_a,
          co_window_of_opportunity_c, co_window_corner_ca, co_window_2corner,
          glass_columns_a, glass_columns_b, glass_columns_b, glass_columns_a,
          glass_columns_a
D:6:      layout_loops_corners, enter_ossuary_3, mrwooster_statue_mirror,
          hangedman_decor_riveting, uniq_grinder, uniq_eustachio, uniq_maggie
D:7:      layout_loops_ring, enter_bailey_7, uniq_jeremiah
D:8:      layout_basic, lemuel_crystal_altar, grunt_tough_drop
D:9:      layout_grid_maze, mainiacjoe_overflow_concentric_impassable,
          general_overflow_altar, serial_shops, nicolae_shop_hallway_plus,
          laboratory, uniq_prince_ribbit1, uniq_grum
D:10:     minmay_the_grid_triangle_9x9_rhombus_full
          [minmay_the_grid_triangle_9x9_dagger,
          minmay_the_grid_triangle_9x9_semitri,
          minmay_the_grid_triangle_9x9_shrine,
          minmay_the_grid_triangle_9x9_skeleton,
          minmay_the_grid_triangle_9x9_pentomino_pain,
          minmay_the_grid_triangle_9x9_corruption,
          minmay_the_grid_triangle_9x9_from_above,
          minmay_the_grid_triangle_9x9_prize_special], layout_basic,
          david_lair_generic, orc_0_dummy, columned_hall_lemuel, minivault_27
D:11:     layout_small_grid, nicolae_shop_i_like_big_books,
          nicolae_sif_muna_condensation, uniq_erolcha
D:12:     layout_rooms, lemuel_flamethrower_1, uniq_azrael, uniq_jorgrun
Temple:   compressed_dpeg_circular_temple
Lair:1:   layout_cave_pods, minmay_holes, grunt_forest_small_clearings,
          nicolae_lair_lil_pond
Lair:2:   layout_gridlike, minmay_snake_entry_six_corridors,
          minmay_stone_trees_small
Lair:3:   layout_hall_layers, nicolae_swamp_entry_spooky, serial_forest,
          infiniplex_forest_lined_2, infiniplex_forest_end_2,
          infiniplex_forest_straight_2, infiniplex_forest_straight_2,
          infiniplex_forest_clump_C, infiniplex_forest_end_1,
          infiniplex_forest_side_room, infiniplex_forest_corner_2, uniq_snorg,
          uniq_gastronok
Lair:4:   layout_regular_city
Lair:5:   due_jungle_book, layout_concentric_octagons, slime_entry_1,
          gammafunk_ghost_hydra_chop, grunt_megastairs_4

Skill      XL: |  1  2  3  4  5  6  7  8  9 10 11 12 13 14 15 16 |
---------------+-------------------------------------------------+-----
Fighting       | 2 5 |  5.0
Staves         | 2 3 4 8 9 11 12 | 12.0
Air Magic      | 6 12 13 15 | 15.0
Evocations     | 1 9 10 14 | 14.1
Invocations    | 9 10 11 | 11.0
Shields        | 2 4 |  4.0
Armour         | 5 |  5.0
Dodging        | 5 |  5.0
Spellcasting   | 4 5 |  5.9
Summonings     | 5 |  5.0
Unarmed Combat | |  3.0
Shapeshifting  | |  3.0

Action                     |  1- 3 |  4- 6 |  7- 9 | 10-12 | 13-15 | 16-18 || total
---------------------------+-------+-------+-------+-------+-------+-------++-------
  Melee: Unarmed           |    39 |       |       |       |       |       ||    39
         Punch             |     1 |       |       |    14 |     6 |       ||    21
         Quarterstaff      |    42 |   156 |   300 |    83 |       |       ||   581
         Falchion          |       |       |    11 |       |       |       ||    11
         Staff             |       |       |       |   550 |   661 |   174 ||  1385
  Throw: Dart              |       |       |       |     3 |     6 |       ||     9
   Cast: Airstrike         |       |       |       |       |   104 |     6 ||   110
         Static Discharge  |       |       |       |       |    29 |    14 ||    43
         Summon Lightning  |       |       |       |       |     3 |     9 ||    12
 Invoke: Heal Self         |       |       |       |     7 |    15 |     5 ||    27
         Heal Other        |       |       |       |     9 |     8 |    10 ||    27
         Purification      |       |       |       |       |     6 |     3 ||     9
  Evoke: Wand              |       |     2 |     7 |     8 |    12 |     5 ||    34
         Condenser vane    |       |       |       |       |     1 |       ||     1
         Phial of floods   |       |       |       |       |       |     1 ||     1
    Use: Scroll            |     4 |     5 |     4 |     9 |     8 |     2 ||    32
         Potion            |     1 |     6 |     2 |     5 |     6 |     1 ||    21
   Stab: Invisible         |       |       |       |       |     3 |       ||     3
         Distracted        |       |       |       |       |       |     2 ||     2
 Armour: Animal skin       |    17 |       |       |       |       |       ||    17
         Leather armour    |    24 |    89 |    12 |       |       |       ||   125
         Skin              |       |     5 |       |    40 |       |       ||    45
         Ring mail         |       |       |   143 |   224 |   452 |   168 ||   987
         Troll leather arm |       |       |       |    69 |       |       ||    69
  Dodge: Dodged            |    53 |    76 |   189 |   431 |   426 |   142 ||  1317
  Block: Buckler           |       |       |       |       |    24 |       ||    24
   Form: Beast             |     2 |     2 |       |     2 |       |       ||     6
                           |     1 |     2 |       |     3 |       |       ||     6

Table legend: (Time is in decaauts)
 A = Elapsed time spent in this place.
 B = Non-inter-level travel time spent in this place.
 C = Inter-level travel time spent in this place.
 D = Time resting spent in this place.
 E = Time spent auto-exploring this place.
 F = Levels seen in this place.
 G = Mean time per level.
                   A        B        C        D        E       F      G
               +--------+--------+--------+--------+--------+-----+--------+
         Total |  23355 |  22296 |   1059 |   5311 |  11770 |  20 | 1167.8 |
       Dungeon |  13371 |  12639 |    732 |   2635 |   6945 |  12 | 1114.2 |
        Temple |     77 |     58 |     19 |     33 |      0 |   1 |   77.0 |
          Lair |   8594 |   8287 |    307 |   2106 |   4516 |   5 | 1718.8 |
       Ossuary |    883 |    883 |      0 |    420 |    128 |   1 |  883.0 |
        Bailey |    429 |    429 |      0 |    116 |    180 |   1 |  429.0 |
               +--------+--------+--------+--------+--------+-----+--------+

Top non-repeatable levels by time:
  Lair:3: 2796 daAuts
    D:10: 2428 daAuts
  Lair:2: 1663 daAuts
  Lair:5: 1498 daAuts
    D:11: 1470 daAuts
     D:9: 1433 daAuts
  Lair:4: 1382 daAuts
  Lair:1: 1253 daAuts
     D:5: 1076 daAuts
     D:8: 1048 daAuts
     D:3: 1004 daAuts
     D:7: 992 daAuts
     D:6: 990 daAuts
     D:4: 986 daAuts
     D:2: 897 daAuts
